 Dungeon Crawl Stone Soup version 0.28-a0-1382-g92835e5c71 (webtiles) character file.

Game seed: 1251077890419751749

56 wotkd0121004 the Stinger (level 3, 0/21 HPs)
             Began as an Octopode Venom Mage on Jan 1, 2022.
             Succumbed to an adder's poison
             ... on level 2 of the Dungeon.
             The game lasted 00:02:45 (2026 turns).

wotkd0121004 the Stinger (Octopode Venom Mage)      Turns: 2026, Time: 00:02:46

Health: 0/21       AC:  1    Str: 13    XL:     3   Next: 95%
Magic:  2/6        EV: 13    Int: 19    God:
Gold:   68         SH:  0    Dex: 12    Spells: 5/6 levels left

rFire   . . .      SeeInvis .   d - +0 dagger
rCold   . . .      Faith    .   (no shield)
rNeg    . . .      Spirit   .   (helmet restricted)
rPois   .          Reflect  .   (no amulet)
rElec   .          Harm     .   g - +6 ring of strength
rCorr   .          Rampage  .   (no ring)
Will    .....                   (no ring)
Stlth   +++.......              (no ring)
HPRegen 0.07/turn               (no ring)
MPRegen 0.10/turn               (no ring)
                                (no ring)
                                (no ring)

@: lethally poisoned (0 -> -1), attractive, very slightly contaminated
A: almost no armour, amphibious, 8 rings, camouflage 1, gelatinous body 1,
(nimble swimmer 1), tentacles
a: no special abilities


You were on level 2 of the Dungeon.
You visited 1 branch of the dungeon, and saw 2 of its levels.

You collected 68 gold pieces.

Inventory:

Hand Weapons
 d - a +0 dagger (weapon)
Jewellery
 g - a +6 ring of strength (left tentacle)
Scrolls
 a - a scroll of amnesia {unknown}
 e - 3 scrolls of identify {unknown}
 f - a scroll of fear
 h - a scroll of noise {unknown}
 i - a scroll of immolation {unknown}
Potions
 b - a potion of heal wounds {unknown}
 c - a potion of attraction


   Skills:
 + Level 2.5 Dodging
 + Level 3.5 Stealth
 + Level 2.4 Spellcasting
 + Level 1.8 Transmutations
 + Level 4.1 Poison Magic


You had 5 spell levels left.
You knew the following spells:

 Your Spells              Type           Power      Damage    Failure   Level
a - Sting                 Tmut/Pois      52%        1d5       4%          1

Your spell library contained the following spells:

 Spells                   Type           Power      Damage    Failure   Level
 Poisonous Vapours        Pois/Air       20%        N/A       11%         2
 Spider Form              Tmut/Pois      13%        N/A       14%         3
 Ensorcelled Hibernation  Hex/Ice        4%         N/A       24%         2
 Mephitic Cloud           Conj/Pois/Air  7%         N/A       28%         3
 Olgreb's Toxic Radiance  Pois           17%        N/A       30%         4


Dungeon Overview and Level Annotations

Branches:
Dungeon (2/15)

Altars:


Innate Abilities, Weirdness & Mutations

You cannot wear most types of armour.
You are amphibious.
You can wear up to eight rings at the same time.
Your skin changes colour to match your surroundings (Stealth+).
Your rubbery body absorbs attacks. (AC +1, EV +1)
((You are camouflaged when in or above water. (Stealth+)))
You have tentacles for arms and can constrict up to eight enemies at once.


Message History

Sorry, you're not good enough to have a special ability.
Casting: Sting (safe; 4% risk of failure)
Confirm with . or Enter, or press ? or * to list all spells.
You don't know that spell.
Unknown command.
You feel sick. The adder barely misses you.
You hit the adder. You grab the adder.
The adder is moderately wounded.
You constrict the adder.
You feel sick. The adder bites you.
Casting: Sting (safe; 4% risk of failure)
Confirm with . or Enter, or press ? or * to list all spells.
Aiming: Sting (safe; 4% risk of failure)
Press: ? - help, Shift-Dir - straight line, f/p - adder
Aim: an adder (almost dead, constricted by you, very poisoned, 90% to hit)
You miscast Sting.
You are very lightly contaminated with residual magic.
Nothing appears to happen.
You constrict the adder.
You feel sick. The adder bites you.
* * * LOW HITPOINT WARNING * * *
The kobold closely misses you.
A frilled lizard comes into view.
You release your grip on the adder.
* * * LOW HITPOINT WARNING * * *
You feel sick.
You kill the adder!
Casting: Sting (safe; 4% risk of failure)
Confirm with . or Enter, or press ? or * to list all spells.
Aiming: Sting (safe; 4% risk of failure)
Press: ? - help, Shift-Dir - straight line, f - kobold
Aim: a kobold, wielding a +0 dagger and quivering stones (64% to hit)
The sting hits the kobold.
The kobold is poisoned.
The kobold is moderately wounded.
* * * LOW HITPOINT WARNING * * *
You feel sick. The kobold barely misses you.
* * * LOW HITPOINT WARNING * * *
You feel sick.
You kill the kobold!
It was a potion of attraction.
You feel attractive to monsters.
You die...

...(...# ####.#....#..8..#....#.#
.......# #.#.#..#.......#..#.#.
.......############.##.##.#######
....)...(†...# ######...######.#.
.......######.##..# ##.## #..##.#
###.#..# ## #.(.####...####...#.
#.#<.# #.##....)...#........##
#....# #...####..###..####...
##...# #..l.@..(..#..........
##..# #...##..####...####..##.
#..# #.## ##....##.##....####
#..# # ######.....######## #..)
............>...... #.##
##................
#....†...........
##..............#.
#...........<<..#.


You could see a frilled lizard.

Vanquished Creatures
  An adder (D:2)
  A worm (D:2)
  2 dart slugs
  2 ball pythons
  2 bats
  4 endoplasms
  A giant cockroach (D:2)
  2 goblins (D:1)
  4 hobgoblins (D:2)
  6 kobolds
  3 quokkas
  3 frilled lizards
  5 rats
36 creatures vanquished.

Notes
Turn   | Place    | Note
-------+----------+-------------------------------------------
     0 | D:1      | wotkd0121004 the Octopode Venom Mage began the quest for
                  | the Orb.
     0 | D:1      | Reached XP level 1. HP: 11/11 MP: 3/3
   595 | D:1      | Reached XP level 2. HP: 17/17 MP: 3/5
   966 | D:1      | Found a faded altar of an unknown god.
  1201 | D:2      | Reached XP level 3. HP: 15/21 MP: 4/6
  1518 | D:2      | Reached skill level 4 in Poison Magic
  2025 | D:2      | HP: 1/21 [poisoned by an adder]
  2026 | D:2      | Succumbed to an adder's poison

Illustrated notes

Levels and vault maps discovered:
D:1:      ebering_hopf_link, layout_loops_ring,
          shapermc_ecumenical_altar_acropolis, corexii_corridor_pit
D:2:      wad_crossroads, layout_rooms, minmay_misc_feat_tower

Skill      XL: |  1  2  3 |
---------------+----------+-----
Stealth        | 3 |  3.5
Poison Magic   | 4 |  4.1
Dodging        | |  2.5
Spellcasting   | |  2.4
Transmutations | |  1.8

Action                   || total
-------------------------++-------
Melee: Unarmed           ||    13
       Tentacles         ||     5
       Constrict         ||    11
       Dagger            ||    34
 Cast: Sting             ||    39
  Use: Scroll            ||     1
       Potion            ||     1
 Stab: Sleeping          ||     7
Armor: Skin              ||     2
Dodge: Dodged            ||    31

Table legend: (Time is in decaauts)
 A = Elapsed time spent in this place.
 B = Non-inter-level travel time spent in this place.
 C = Inter-level travel time spent in this place.
 D = Time resting spent in this place.
 E = Time spent auto-exploring this place.
 F = Levels seen in this place.
 G = Mean time per level.
                   A        B        C        D        E       F      G
               +--------+--------+--------+--------+--------+-----+--------+
         Total |   2024 |   2015 |      9 |    590 |   1155 |   2 | 1012.0 |
       Dungeon |   2024 |   2015 |      9 |    590 |   1155 |   2 | 1012.0 |
               +--------+--------+--------+--------+--------+-----+--------+

Top non-repeatable levels by time:
     D:1: 1189 daAuts
     D:2: 835 daAuts
